 Dungeon Crawl Stone Soup version 0.30-a0-373-gd37427bb62 (webtiles) character file.

Game seed: 8262037646590305837

135 funkygono the Firebug (level 4, -4/30 HPs)
             Began as a Demonspawn Fire Elementalist on Nov 24, 2022.
             Slain by Grinder (9 damage)
             ... while paralysed by Grinder
             ... on level 3 of the Dungeon.
             The game lasted 00:03:32 (2845 turns).

funkygono the Firebug (DsFE)                        Turns: 2845, Time: 00:03:32

Health: -4/30      AC:  2    Str:  9    XL:     4   Next: 97%
Magic:  1/8        EV:  2    Int: 18    God:
Gold:   249        SH:  0    Dex: 13    Spells: 3/9 levels left

rFire   . . .      SeeInvis .    d - +0 whip
rCold   . . .      Faith    .    (no shield)
rNeg    . . .      Spirit   .    a - +0 robe
rPois   .          Reflect  .    (no helmet)
rElec   .          Harm     .    (no cloak)
rCorr   .          Rampage  .    (no gloves)
Will    .....                    (no boots)
Stlth   ++........               (no amulet)
HPRegen 0.25/turn                (no ring)
MPRegen 0.11/turn                (no ring)

@: paralysed
A: claws 1, spiny 1
a: no special abilities


You were on level 3 of the Dungeon.
You visited 1 branch of the dungeon, and saw 3 of its levels.

You collected 249 gold pieces.

Inventory:

Hand Weapons
 d - a +0 whip (weapon)
Armour
 a - a +0 robe (worn)
Jewellery
 m - a ring of ice
Scrolls
 e - a scroll of noise {unknown}
 f - a scroll of enchant armour {unknown}
 h - a scroll of silence {unknown}
 j - a scroll of vulnerability {unknown}
 k - 3 scrolls of fog {unknown}
Potions
 b - a potion of magic
 c - a potion of curing {unknown}
 g - a potion of haste {unknown}
 i - a potion of attraction {unknown}
 l - a potion of degeneration {unknown}


   Skills:
 + Level 0.2 Fighting
 + Level 0.1 Maces & Flails
 + Level 1.9 Dodging
 - Level 1.7 Stealth
 + Level 3.0 Spellcasting
 + Level 2.4 Conjurations
 + Level 3.8 Fire Magic


You had 3 spell levels left.
You knew the following spells:

 Your Spells              Type           Power      Damage    Failure   Level
a - Foxfire               Conj/Fire      56%        2x1d6     4%          1
b - Scorch                Fire           32%        2d7       4%          2
c - Kindle Blastsparks    Fire/Tloc/Air  14%        2d11      28%         3

Your spell library contained the following spells:

 Spells                   Type           Power      Damage    Failure   Level
 Sandblast                Erth           4%         2d4       16%         1
 Inner Flame              Hex/Fire       9%         N/A       22%         3
 Passwall                 Tmut/Erth      1%         N/A       24%         2
 Stone Arrow              Conj/Erth      14%        3d7       28%         3
 Vhi's Electric Charge    Tloc/Air       4%         N/A       43%         3
 Flame Wave               Conj/Fire      14%        2d6       41%         4
 Arcjolt                  Conj/Air       3%         1d13      95%         5
 Maxwell's Capacitive Co  Air            1%         ∞         100%        8


Dungeon Overview and Level Annotations

Branches:
Dungeon (3/15)

Altars:
Qazlal

Annotations:
D:3 Grinder


Innate Abilities, Weirdness & Mutations

You have sharp fingernails.
You are partially covered in sharp spines.


Message History

The foxfire hits Grinder.
Grinder is moderately wounded.
Sorry, you're not good enough to have a special ability.
Casting: Foxfire (safe; 4% risk of failure)
Confirm with . or Enter, or press ? or * to list all spells.
Okay, then.
You closely miss Grinder.
Grinder is moderately wounded.
The foxfire hits Grinder.
Grinder is moderately wounded.
The foxfire hits Grinder.
Grinder is moderately wounded.
Grinder hits you.
You writhe in agony.
Your magical contamination has completely faded away.
You hit Grinder but do no damage.
Grinder is moderately wounded.
Grinder is struck by your spines. Grinder closely misses you.
Casting: Foxfire (safe; 4% risk of failure)
Confirm with . or Enter, or press ? or * to list all spells.
You conjure some foxfire!
Grinder is struck by your spines. Grinder misses you.
Unknown command.
You hit Grinder.
Grinder is severely wounded.
The foxfire hits Grinder.
Grinder is severely wounded.
The foxfire hits Grinder.
Grinder is severely wounded.
Grinder blinks!
Grinder attacks as you move away! Grinder is struck by your spines.
Grinder hits you.
Grinder blinks!
Grinder hits you.
You writhe in agony.
You barely miss Grinder.
Grinder is almost dead.
Grinder gestures at you.
You suddenly lose the ability to move!
Grinder hits you!
* * * LOW HITPOINT WARNING * * *
Grinder hits you but does no damage. Grinder is struck by your spines.
Grinder hits you!
You die...

#.#####..#....†...
.........#...)..##
.........#..)#.##
#........#.#.#
..#.#..#..<#.#
#.#...####.#.# .
#.#......#.#.# ...
####.#.####...#.#
.....##5@...........#.#
.....).....#.####...#
.....##.####.# .> ....
#.. #.# # .. #### #.#
#.# #.# #..


You could see Grinder.

Vanquished Creatures
  An orc priest (D:3)
  Jessica (D:3)
  An adder (D:2)
  A worm (D:2)
  2 dart slugs (D:2)
  3 orcs (D:3)
  5 bats
  3 endoplasms
  4 giant cockroaches
  13 goblins
  3 hobgoblins
  4 jackals
  2 kobolds
  2 quokkas (D:1)
  6 ball pythons
  A frilled lizard (D:2)
  A rat (D:2)
53 creatures vanquished.

Vanquished Creatures (others)
  142 foxfires
142 creatures vanquished.

Grand Total: 195 creatures vanquished

Notes
Turn   | Place    | Note
-------+----------+-------------------------------------------
     0 | D:1      | funkygono the Demonspawn Fire Elementalist began the quest
                  | for the Orb.
     0 | D:1      | Reached XP level 1. HP: 13/13 MP: 3/3
   589 | D:1      | Gained mutation: You are partially covered in sharp spines.
                  | [demonic ancestry]
   589 | D:1      | Reached XP level 2. HP: 19/19 MP: 1/5
   988 | D:1      | Learned a level 2 spell: Scorch
  1301 | D:1      | Reached XP level 3. HP: 24/24 MP: 3/6
  1305 | D:1      | Learned a level 3 spell: Kindle Blastsparks
  1618 | D:2      | Identified the +7 sling "Voss" {drain, rPois rC+}
  2315 | D:2      | Gained mutation: You have sharp fingernails. [demonic
                  | ancestry]
  2315 | D:2      | Reached XP level 4. HP: 30/30 MP: 5/7
  2630 | D:3      | Found a stormy altar of Qazlal.
  2824 | D:3      | Noticed Grinder
  2825 | D:3      | Noticed Jessica
  2828 | D:3      | Killed Jessica
  2842 | D:3      | Paralysed by Grinder for 5 turns
  2845 | D:3      | Slain by Grinder

Illustrated notes

Levels and vault maps discovered:
D:1:      saegor_arrival_simple_e, layout_basic
D:2:      kennysheep_the_goblin_king, layout_basic, patterned_corridor
D:3:      layout_basic, nicolae_hepliaklqana_monster_ancestors,
          amcnicky_altar_gilded, uniq_ijyb, uniq_grinder, uniq_jessica

Skill      XL: |  1  2  3  4 |
---------------+-------------+-----
Fire Magic     | 3 |  3.8
Conjurations   | 2 |  2.4
Spellcasting   | 3 |  3.0
Fighting       | |  0.2
Maces & Flails | |  0.1
Dodging        | |  1.9
Stealth        | |  1.7

Action                   |  1- 3 |  4- 6 || total
-------------------------+-------+-------++-------
Melee: Whip              |     5 |     9 ||    14
 Cast: Foxfire           |    64 |    20 ||    84
       Scorch            |     2 |       ||     2
Armor: Robe              |     3 |     2 ||     5
Dodge: Dodged            |     8 |     7 ||    15

Table legend: (Time is in decaauts)
 A = Elapsed time spent in this place.
 B = Non-inter-level travel time spent in this place.
 C = Inter-level travel time spent in this place.
 D = Time resting spent in this place.
 E = Time spent auto-exploring this place.
 F = Levels seen in this place.
 G = Mean time per level.
                   A        B        C        D        E       F      G
               +--------+--------+--------+--------+--------+-----+--------+
         Total |   2845 |   2796 |     49 |      0 |   2447 |   3 |  948.3 |
       Dungeon |   2845 |   2796 |     49 |      0 |   2447 |   3 |  948.3 |
               +--------+--------+--------+--------+--------+-----+--------+

Top non-repeatable levels by time:
     D:1: 1405 daAuts
     D:2: 1139 daAuts
     D:3: 299 daAuts
